 Dungeon Sprint DCSS version 0.27.1-33-g824d729ab1 (webtiles) character file.

Game seed: 13245669126665734740

29000000 Descartes the Intangible (level 27, -139/228 HPs)
             Began as a Djinni Warper on Dec 21, 2021.
             Was the Champion of Makhleb.
             Annihilated by a sculptor of flesh (210 damage)
             ... in the Dungeon (Sprint VIII: "Arena of Blood").
             The game lasted 00:36:24 (290 turns).

Descartes the Intangible (Djinni Warper)             Turns: 290, Time: 00:36:24

Health: -139/228   AC:  6    Str: 18    XL:     27
Gold:   0          EV: 25    Int: 19    God:    Makhleb [******] SH:  0 Dex: 14

rFire    + + .     SeeInvis +   i - +∞ Axe of Woe
rCold    x . .     Faith    .   (shield currently unavailable)
rNeg     . . .     Spirit   .   b - +0 leather armour
rPois    ∞         Reflect  .   (no helmet)
rElec    .         Harm     .   (no cloak)
rCorr    .         Rampage  .   (no gloves)
Will     ++...     NoTele   +   (boots unavailable)
Stlth    +++.......             (no amulet)
HPRegen  0.48/turn              m - +200 ring of slaying
MPRegen  0.00/turn              n - ring of see invisible

@: confused, flying
A: sickness immunity, fire resistance 2, cold vulnerability 1, float, innate
caster, hp casting, extra vitality 1
a: Renounce Religion, Minor Destruction, Lesser Servant of Makhleb, Major
Destruction, Greater Servant of Makhleb


You were in the Dungeon.
You worshipped Makhleb.
Makhleb was exalted by your worship.
You visited 1 branch

Inventory:

Hand Weapons
 a - a +0 hand axe
 i - the +∞ Axe of Woe (weapon)
   (You found it in the Dungeon)
Missiles
 d - 5 boomerangs of dispersal (quivered)
Armour
 b - a +0 leather armour (worn)
Jewellery
 j - a +30 ring of slaying
 k - a +30 ring of slaying
 l - a +200 ring of slaying
 m - a +200 ring of slaying (left hand)
 n - a ring of see invisible (right hand)
 o - a +400 ring of slaying
 p - a +30 ring of slaying
Scrolls
 c - 2 scrolls of blinking
Potions
 e - a potion of curing
 f - a potion of heal wounds
 g - a potion of haste
 h - a potion of berserk rage


   Skills:
 O Level 27 Fighting
 O Level 27 Short Blades
 O Level 27 Long Blades
 O Level 27 Axes
 O Level 27 Maces & Flails
 O Level 27 Polearms
 O Level 27 Staves
 O Level 27 Slings
 O Level 27 Bows
 O Level 27 Crossbows
 O Level 27 Throwing
 O Level 27 Armour
 O Level 27 Dodging
 O Level 27 Stealth
 O Level 27 Shields
 O Level 27 Unarmed Combat
 O Level 27 Spellcasting
 O Level 27 Invocations
 O Level 27 Evocations


You couldn't memorise any spells.
You knew the following spells:

 Your Spells              Type           Power      Damage    Failure   Level
a - Manifold Assault      Tloc           91%        N/A       0%          5
b - Lesser Beckoning      Tloc           45%        N/A       0%          3
c - Gell's Gravitas       Tloc           45%        N/A       0%          3
d - Teleport Other        Tloc           91%        N/A       0%          3
e - Blink                 Tloc           N/A        N/A       0%          2
f - Apportation           Tloc           100%       N/A       0%          1
g - Passwall              Tmut/Erth      75%        N/A       0%          2
h - Confusing Touch       Hex            91%        N/A       0%          3
i - Ignite Poison         Fire/Tmut/Pois 91%        N/A       0%          3
j - Metabolic Englaciati  Hex/Ice        45%        N/A       0%          5
k - Summon Mana Viper     Hex/Summ       91%        N/A       0%          5
l - Starburst             Conj/Fire      45%        6d13      0%          6
m - Summon Hydra          Summ           45%        N/A       1%          7
n - Eringya's Noxious Bo  Tmut/Pois      45%        N/A       0%          6
o - Ozocubu's Refrigerat  Ice            45%        4d14      1%          7
p - Disjunction           Tloc           45%        N/A       1%          8
q - Chain Lightning       Conj/Air       45%        3d60      2%          9
r - Polar Vortex          Ice            45%        N/A       2%          9
Your spell library was empty.

Dungeon Overview and Level Annotations

Branches:
Dungeon (1/1)

Altars:
Makhleb


Innate Abilities, Weirdness & Mutations

You are immune to sickness and miasma.
You are immune to poison.
Your flesh is very heat resistant. (rF++)
You are vulnerable to cold. (rC-)
You float through the air rather than walking.
You learn spells naturally, not from books.
Your magical power is your life essence.
You have superior vitality. (+4 HP)


Message History

You open the vile like a pillowcase!!!!
You cleave the vile in twain.
You destroy the vile!
Makhleb accepts your kill.
You feel better.
You cut the vile into ribbons!!!!
You slaughter the vile joyfully.
You destroy the vile!
Makhleb accepts your kill.
You chop the vile into pieces!!!!
You cleave the vile in twain.
You destroy the vile!
Makhleb accepts your kill.
You feel better.
The vile appears out of thin air!
A vile comes into view. It is wielding a +0 mace.
You hear a shout! x2
The dread calls on the powers of darkness!
The observer convulses!
The bag of meat convulses!
The observer convulses!
The fleshlord convulses! x2; The eight-headed meat hydra convulses!
The fleshlord convulses!
Your body is wracked with pain!
You are more confused.
The observer bites the dread!
The fleshlord mumbles some strange words.
The fleshlord seems to speed up.
You chop the vile into pieces!!!
You dissect the vile like a pig carcass.
You destroy the vile!
Makhleb accepts your kill.
You feel better.
You hear a shout! x4
The observer bites the fleshlord!
An observer comes into view.
A bag of meat comes into view. It is wielding a +9 war axe.
You hear a grinding noise.
A vile comes into view. It is wielding a +0 morningstar.
The dread calls on the powers of darkness!
The observer convulses! x2; The bag of meat convulses! x5
The fleshlord convulses! x2; The eight-headed meat hydra convulses!
The fleshlord convulses!
Your body is wracked with pain!
You hear a shout! x3
The sculptor of flesh hits you with a +9 great sword!!!!!
Ouch! That really hurt!
You die...

#. #.# #.# ## #.#
#############.# #.#
.)†.)..).....#.##.#
..†...)...9......###
).##.##)...#.)9p@..##
)†..☼..)..).).)z.9....#
.))☼##.....).)..........
)..☼....).)..)...)9.....
..)°).#.#..)Dp.p.††.G...
).○†).))...)o).#.#.))...
).))))...).)[GWV9o..G...
.)...)..)).)ooW)o..9.#..
)...).).......o.p.


You could see an eight-headed meat hydra, a destroyer (wandering), 3 observers,
3 fleshlords, a sculptor of flesh, a dread, 6 viles, a wretched soul (invisible)
and 5 bags of meat.

Vanquished Creatures
  23 hell beasts (D)
  13 royal mummies (D)
  88 orcs (D)
  13 phantoms (D)
  5 skeletal warriors (D)
  23 great orbs of eyes (D)
  29 hell knights (D)
  24 sea snakes (D)
  20 wraiths (D)
  Edmund (D)
  27 molten gargoyles (D)
  19 vampire knights (D)
  52 ogres (D)
  8 two-headed ogres (D)
  4 liches (D)
  26 hydras (D)
375 creatures vanquished.

Notes
Turn   | Place    | Note
-------+----------+-------------------------------------------
     0 | D        | Found the +∞ Axe of Woe
     0 | D        | Descartes the Djinni Warper began the quest for the Orb.
     0 | D        | Reached XP level 1. HP: 18/18 MP: 0/0
     4 | D        | Became a worshipper of Makhleb the Destroyer
     4 | D        | Noticed a bag of meat
     6 | D        | Noticed a bag of meat
     6 | D        | Noticed a bag of meat
     6 | D        | Noticed a bag of meat
     6 | D        | Noticed a bag of meat
     6 | D        | Noticed a bag of meat
     7 | D        | Killed a bag of meat
     7 | D        | Noticed a bag of meat
     7 | D        | Noticed a bag of meat
     8 | D        | Reached skill level 15 in Dodging
     8 | D        | Reached XP level 2. HP: 42/42 MP: 0/0
     8 | D        | Reached XP level 3. HP: 48/48 MP: 0/0
     8 | D        | Learned a level 1 spell: Apportation
     8 | D        | Reached XP level 4. HP: 54/54 MP: 0/0
     8 | D        | Reached XP level 5. HP: 59/59 MP: 0/0
     8 | D        | Learned a level 2 spell: Passwall
     8 | D        | Reached XP level 6. HP: 66/66 MP: 0/0
     8 | D        | Reached XP level 7. HP: 71/71 MP: 0/0
     8 | D        | Learned a level 3 spell: Confusing Touch
     8 | D        | Reached XP level 8. HP: 77/77 MP: 0/0
     8 | D        | Reached XP level 9. HP: 83/83 MP: 0/0
     8 | D        | Learned a level 3 spell: Ignite Poison
     8 | D        | Reached XP level 10. HP: 89/89 MP: 0/0
     8 | D        | Reached XP level 11. HP: 94/94 MP: 0/0
     8 | D        | Learned a level 5 spell: Metabolic Englaciation
     8 | D        | Reached XP level 12. HP: 101/101 MP: 0/0
     8 | D        | Noticed a meat berserker
     9 | D        | Noticed a meat berserker
     9 | D        | Noticed a meat berserker
    10 | D        | Noticed a meat berserker
    11 | D        | Killed a bag of meat
    11 | D        | Reached * piety under Makhleb
    11 | D        | Killed a bag of meat
    12 | D        | Reached skill level 15 in Axes
    12 | D        | Reached XP level 13. HP: 85/113 MP: 0/0
    12 | D        | Learned a level 5 spell: Summon Mana Viper
    12 | D        | Reached XP level 14. HP: 91/121 MP: 0/0
    12 | D        | Noticed a meat berserker
    12 | D        | Killed a bag of meat
    12 | D        | Noticed a bag of meat
    12 | D        | Noticed a meat berserker
    13 | D        | Reached XP level 15. HP: 128/129 MP: 0/0
    13 | D        | Learned a level 6 spell: Starburst
    13 | D        | Reached ** piety under Makhleb
    13 | D        | Killed a meat berserker
    13 | D        | Noticed a meat berserker
    14 | D        | Reached XP level 16. HP: 143/143 MP: 0/0
    14 | D        | Killed a meat berserker
    14 | D        | Reached *** piety under Makhleb
    14 | D        | Killed a meat berserker
    14 | D        | Killed a meat berserker
    14 | D        | Noticed a meat berserker
    15 | D        | Reached skill level 27 in Fighting
    15 | D        | Reached skill level 27 in Armour
    15 | D        | Reached skill level 27 in Dodging
    15 | D        | Reached XP level 17. HP: 160/160 MP: 0/0
    15 | D        | Learned a level 7 spell: Summon Hydra
    15 | D        | Reached XP level 18. HP: 167/167 MP: 0/0
    15 | D        | Killed a meat berserker
    15 | D        | Reached **** piety under Makhleb
    16 | D        | Reached skill level 27 in Axes
    16 | D        | Reached XP level 19. HP: 174/174 MP: 0/0
    16 | D        | Learned a level 6 spell: Eringya's Noxious Bog
    17 | D        | Reached XP level 20. HP: 181/181 MP: 0/0
    17 | D        | Killed a meat berserker
    18 | D        | Killed a meat berserker
    18 | D        | Reached ***** piety under Makhleb
    19 | D        | Reached skill level 15 in Spellcasting
    19 | D        | Reached XP level 21. HP: 187/187 MP: 0/0
    19 | D        | Learned a level 7 spell: Ozocubu's Refrigeration
    20 | D        | Noticed a large bag of meat
    20 | D        | Killed a large bag of meat
    20 | D        | Noticed a meat berserker
    21 | D        | Reached XP level 22. HP: 194/194 MP: 0/0
    21 | D        | Killed a meat berserker
    21 | D        | Reached ****** piety under Makhleb
    21 | D        | Killed a meat berserker
    22 | D        | Reached skill level 27 in Stealth
    22 | D        | Reached skill level 27 in Invocations
    22 | D        | Reached XP level 23. HP: 201/201 MP: 0/0
    22 | D        | Learned a level 8 spell: Disjunction
    23 | D        | Noticed a large bag of meat
    24 | D        | Killed a large bag of meat
    25 | D        | Reached skill level 27 in Spellcasting
    25 | D        | Reached skill level 15 in Unarmed Combat
    25 | D        | Noticed a destroyer
    25 | D        | Noticed a destroyer
    26 | D        | Reached XP level 24. HP: 203/208 MP: 0/0
    27 | D        | Noticed a destroyer
    27 | D        | Killed a destroyer
    27 | D        | Killed a destroyer
    28 | D        | Reached skill level 27 in Unarmed Combat
    28 | D        | Reached XP level 25. HP: 214/214 MP: 0/0
    28 | D        | Learned a level 9 spell: Chain Lightning
    29 | D        | Reached skill level 27 in Maces & Flails
    29 | D        | Reached XP level 26. HP: 221/221 MP: 0/0
    29 | D        | Killed a destroyer
    29 | D        | Noticed a destroyer
    30 | D        | Killed a destroyer
    31 | D        | Noticed a large bag of meat
    32 | D        | Reached XP level 27. HP: 228/228 MP: 0/0
    32 | D        | Learned a level 9 spell: Polar Vortex
    32 | D        | Killed a large bag of meat
    33 | D        | Noticed a destroyer
    34 | D        | Killed a destroyer
    35 | D        | Noticed a large bag of meat
    36 | D        | Killed a large bag of meat
    37 | D        | Reached skill level 27 in Staves
    40 | D        | Reached skill level 27 in Polearms
    40 | D        | Reached skill level 27 in Slings
    40 | D        | Reached skill level 27 in Throwing
    40 | D        | Reached skill level 5 in Bows
    41 | D        | Noticed a destroyer
    41 | D        | Killed a destroyer
    42 | D        | Noticed a destroyer
    43 | D        | Reached skill level 15 in Bows
    43 | D        | Reached skill level 15 in Crossbows
    43 | D        | Killed a destroyer
    45 | D        | Noticed an accursed
    45 | D        | Killed an accursed
    47 | D        | Noticed a large bag of meat
    47 | D        | Noticed a large bag of meat
    48 | D        | Noticed an accursed
    48 | D        | Killed an accursed
    48 | D        | Killed a large bag of meat
    49 | D        | Reached skill level 27 in Short Blades
    49 | D        | Reached skill level 27 in Long Blades
    49 | D        | Reached skill level 27 in Shields
    49 | D        | Reached skill level 27 in Evocations
    49 | D        | Noticed an accursed
    49 | D        | Killed a large bag of meat
    49 | D        | Killed an accursed
    50 | D        | Reached skill level 27 in Bows
    50 | D        | Reached skill level 27 in Crossbows
    60 | D        | Noticed a meat beast
    62 | D        | Noticed a dread
    62 | D        | Noticed a tyrant
    62 | D        | Noticed an accursed
    63 | D        | Noticed a meat beast
    64 | D        | Killed a meat beast
    64 | D        | Killed a meat beast
    65 | D        | Killed a tyrant
    65 | D        | Killed an accursed
    69 | D        | Killed a dread
    69 | D        | Noticed a meat beast
    70 | D        | Killed a meat beast
    71 | D        | Noticed a meat beast
    73 | D        | Noticed a meat beast
    74 | D        | Killed a meat beast
    77 | D        | Noticed a dread
    78 | D        | Killed a dread
    81 | D        | Noticed a dread
    82 | D        | Noticed a meat beast
    82 | D        | Noticed a meat beast
    83 | D        | Killed a meat beast
    83 | D        | Killed a meat beast
    83 | D        | Killed a dread
    83 | D        | Noticed a meat beast
    84 | D        | Killed a meat beast
    86 | D        | Noticed a meat beast
    86 | D        | Noticed a tyrant
    87 | D        | Killed a meat beast
    87 | D        | Killed a tyrant
    88 | D        | Noticed an accursed
    89 | D        | Noticed a tyrant
    90 | D        | Killed an accursed
    90 | D        | Killed a tyrant
    91 | D        | Noticed a tyrant
    92 | D        | Killed a tyrant
   101 | D        | Noticed an accursed
   101 | D        | Killed a meat beast
   101 | D        | Killed an accursed
   106 | D        | Noticed an accursed
   107 | D        | Killed an accursed
   109 | D        | Noticed a meat beast
   110 | D        | Killed a meat beast
   111 | D        | Noticed a dread
   111 | D        | Killed a dread
   116 | D        | Noticed a dread
   116 | D        | Killed a dread
   117 | D        | Noticed a destroyer
   118 | D        | Noticed a fleshlord
   118 | D        | Killed a destroyer
   118 | D        | Killed a fleshlord
   120 | D        | Noticed a fleshlord
   120 | D        | Noticed a meat beast
   121 | D        | Killed a fleshlord
   121 | D        | Killed a meat beast
   121 | D        | Noticed a dread
   122 | D        | Killed a dread
   122 | D        | Noticed a fleshlord
   122 | D        | Noticed a meat beast
   122 | D        | Noticed a destroyer
   123 | D        | Killed a meat beast
   123 | D        | Killed a fleshlord
   123 | D        | Killed a destroyer
   123 | D        | Noticed a fleshlord
   123 | D        | Noticed a destroyer
   124 | D        | Noticed a fleshlord
   124 | D        | Killed a fleshlord
   124 | D        | Killed a fleshlord
   125 | D        | Killed a destroyer
   125 | D        | Noticed a fleshlord
   126 | D        | Killed a fleshlord
   127 | D        | Noticed a fleshlord
   127 | D        | Noticed a destroyer
   127 | D        | Noticed an accursed
   128 | D        | Killed a destroyer
   128 | D        | Killed an accursed
   128 | D        | Killed a fleshlord
   128 | D        | Noticed an accursed
   128 | D        | Noticed a destroyer
   129 | D        | Killed a destroyer
   129 | D        | Killed an accursed
   130 | D        | Noticed a fleshlord
   131 | D        | Noticed a fleshlord
   131 | D        | Noticed a fleshlord
   131 | D        | Killed a fleshlord
   131 | D        | Killed a fleshlord
   131 | D        | Killed a fleshlord
   133 | D        | Noticed a fleshlord
   134 | D        | Killed a fleshlord
   134 | D        | Noticed a fleshlord
   135 | D        | Killed a fleshlord
   135 | D        | Noticed a fleshlord
   136 | D        | Killed a fleshlord
   136 | D        | Noticed a large bag of meat
   138 | D        | Killed a large bag of meat
   139 | D        | Noticed a meat beast
   140 | D        | Killed a meat beast
   141 | D        | Noticed a fleshlord
   142 | D        | Killed a fleshlord
   146 | D        | Noticed a dread
   146 | D        | Killed a dread
   149 | D        | Noticed a destroyer
   150 | D        | Killed a destroyer
   150 | D        | Noticed a meat beast
   151 | D        | Killed a meat beast
   154 | D        | Noticed a meat beast
   155 | D        | Noticed a destroyer
   155 | D        | Killed a destroyer
   155 | D        | Killed a meat beast
   155 | D        | Noticed a meat beast
   156 | D        | Killed a meat beast
   156 | D        | Noticed a meat beast
   156 | D        | Noticed a meat beast
   156 | D        | Noticed a dread
   157 | D        | Noticed a dread
   157 | D        | Killed a dread
   157 | D        | Killed a meat beast
   157 | D        | Killed a dread
   164 | D        | Noticed a destroyer
   164 | D        | Killed a destroyer
   166 | D        | Noticed a destroyer
   166 | D        | Killed a destroyer
   168 | D        | Noticed a meat beast
   170 | D        | Killed a meat beast
   173 | D        | Noticed a dread
   173 | D        | Noticed a fleshlord
   174 | D        | Killed a fleshlord
   174 | D        | Killed a meat beast
   177 | D        | Noticed a fleshlord
   178 | D        | Killed a fleshlord
   178 | D        | Noticed a dread
   179 | D        | Killed a dread
   179 | D        | Noticed a destroyer
   179 | D        | Noticed an accursed
   180 | D        | Killed an accursed
   180 | D        | Killed a destroyer
   183 | D        | Noticed a meat beast
   184 | D        | Killed a meat beast
   184 | D        | Noticed a dread
   185 | D        | Killed a dread
   185 | D        | Noticed a meat beast
   187 | D        | Noticed a fleshlord
   188 | D        | Killed a meat beast
   188 | D        | Killed a fleshlord
   188 | D        | Noticed a dread
   189 | D        | Killed a dread
   195 | D        | Noticed a dread
   195 | D        | Killed a dread
   198 | D        | Noticed a fleshlord
   198 | D        | Killed a fleshlord
   204 | D        | Noticed a fleshlord
   206 | D        | Noticed a fleshlord
   206 | D        | Killed a fleshlord
   206 | D        | Noticed a fleshlord
   206 | D        | Noticed a dread
   210 | D        | Killed a fleshlord
   210 | D        | Killed a fleshlord
   211 | D        | Killed a dread
   212 | D        | Noticed a large bag of meat
   213 | D        | Killed a large bag of meat
   214 | D        | Noticed a fleshlord
   215 | D        | Killed a fleshlord
   215 | D        | Noticed an accursed
   216 | D        | Killed an accursed
   218 | D        | Noticed a fleshlord
   218 | D        | Noticed a vile
   219 | D        | Killed a vile
   219 | D        | Killed a fleshlord
   224 | D        | Noticed a dread
   225 | D        | Killed a dread
   225 | D        | Noticed a vile
   226 | D        | Killed a vile
   233 | D        | Noticed a vile
   233 | D        | Killed a vile
   234 | D        | Noticed a vile
   235 | D        | Killed a vile
   235 | D        | Noticed a vile
   236 | D        | Killed a vile
   238 | D        | Noticed a vile
   239 | D        | Killed a vile
   241 | D        | Noticed a destroyer
   242 | D        | Noticed a fleshlord
   243 | D        | Killed a fleshlord
   243 | D        | Killed a destroyer
   243 | D        | Noticed a fleshlord
   243 | D        | Noticed a vile
   244 | D        | Killed a vile
   244 | D        | Killed a fleshlord
   244 | D        | Noticed a dread
   245 | D        | Killed a dread
   247 | D        | Noticed The Defiler
   248 | D        | Killed The Defiler
   249 | D        | Noticed a fleshlord
   250 | D        | Killed a fleshlord
   250 | D        | Noticed a destroyer
   250 | D        | Noticed a fleshlord
   251 | D        | Killed a fleshlord
   251 | D        | Killed a destroyer
   252 | D        | Noticed an accursed
   253 | D        | Killed an accursed
   253 | D        | Noticed a meat beast
   254 | D        | Killed a meat beast
   259 | D        | Noticed a vile
   260 | D        | Killed a vile
   262 | D        | Noticed a vile
   262 | D        | Killed a vile
   263 | D        | Noticed a vile
   264 | D        | Killed a vile
   265 | D        | Noticed a vile
   265 | D        | Killed a vile
   265 | D        | Noticed a dread
   266 | D        | Killed a dread
   267 | D        | Noticed a fleshlord
   267 | D        | Noticed a dread
   267 | D        | Noticed a dread
   267 | D        | Noticed a vile
   268 | D        | Noticed a vile
   268 | D        | Noticed a vile
   268 | D        | Noticed a vile
   268 | D        | Killed a vile
   268 | D        | Killed a fleshlord
   268 | D        | Killed a vile
   269 | D        | Killed a dread
   269 | D        | Killed a dread
   269 | D        | Noticed a vile
   270 | D        | Killed a vile
   271 | D        | Noticed a vile
   271 | D        | Killed a vile
   271 | D        | Killed a vile
   271 | D        | Noticed an accursed
   271 | D        | Noticed a vile
   271 | D        | Noticed a vile
   272 | D        | Killed a vile
   272 | D        | Killed an accursed
   273 | D        | Killed a vile
   273 | D        | Killed a vile
   274 | D        | Noticed a vile
   274 | D        | Killed a vile
   276 | D        | Noticed a vile
   276 | D        | Noticed a fleshlord
   276 | D        | Noticed a dread
   277 | D        | Killed a vile
   277 | D        | Noticed a meat beast
   278 | D        | Noticed a vile
   278 | D        | Killed a meat beast
   278 | D        | Killed a vile
   278 | D        | Killed a dread
   279 | D        | Noticed a vile
   279 | D        | Killed a vile
   279 | D        | Killed a fleshlord
   279 | D        | Noticed a vile
   280 | D        | Noticed a fleshlord
   282 | D        | Noticed a vile
   282 | D        | Noticed a vile
   282 | D        | Noticed a fleshlord
   282 | D        | Noticed a vile
   282 | D        | Noticed a fleshlord
   283 | D        | Noticed a vile
   283 | D        | Noticed a vile
   285 | D        | Noticed a dread
   287 | D        | Noticed a vile
   288 | D        | Killed a vile
   288 | D        | Killed a vile
   288 | D        | Killed a vile
   289 | D        | Noticed a vile
   289 | D        | Killed a vile
   290 | D        | Noticed a vile
   290 | D        | Annihilated by a sculptor of flesh

Illustrated notes

Levels and vault maps discovered:
D:        meatsprint

Skill      XL: |  1  2  3  4  5  6  7  8  9 10 11 12 13 14 15 16 17 18 19 20 21 22 23 24 25 26 27 |
---------------+----------------------------------------------------------------------------------+-----
Fighting       | 14 18 19 22 27 | 27.0
Axes           | 12 15 16 19 24 27 | 27.0
Armour         | 14 18 19 22 27 | 27.0
Dodging        | 15 19 20 24 27 | 27.0
Stealth        | 6 12 18 25 27 | 27.0
Invocations    | 6 13 20 26 27 | 27.0
Spellcasting   | 9 15 21 26 27 | 27.0
Maces & Flails | 17 26 27 | 27.0
Unarmed Combat | 20 27 | 27.0
Polearms       | 13 19 27 | 27.0
Staves         | 14 21 27 | 27.0
Slings         | 13 19 27 | 27.0
Throwing       | 13 19 27 | 27.0
Short Blades   | 27 | 27.0
Long Blades    | 27 | 27.0
Bows           | 27 | 27.0
Crossbows      | 27 | 27.0
Shields        | 27 | 27.0
Evocations     | 27 | 27.0

Action                   |  1- 3 |  4- 6 |  7- 9 | 10-12 | 13-15 | 16-18 | 19-21 | 22-24 | 25-27 || total
-------------------------+-------+-------+-------+-------+-------+-------+-------+-------+-------++-------
Melee: Executioner's axe |     1 |       |       |     1 |     2 |     2 |     9 |     8 |   339 ||   362
 Cast: Manifold Assault  |       |       |       |       |       |       |     2 |     4 |   157 ||   163
       Eringya's Noxious |       |       |       |       |       |       |       |       |     1 ||     1
Armor: Leather armour    |       |       |       |       |       |       |       |       |     5 ||     5
Dodge: Dodged            |       |       |       |       |       |       |       |       |     5 ||     5
